 Dungeon Crawl Stone Soup version 0.18-a0-1718-g40ea4b6 (webtiles) character file.

6951 wvc the Martial Artist (level 10, -7/83 HPs)
             Began as a Green Draconian Monk on Apr 8, 2016.
             Was a High Priest of Cheibriados.
             Mangled by a five-headed hydra (13 damage)
             ... on level 1 of the Lair of Beasts.
             The game lasted 00:27:05 (10050 turns).

wvc the Martial Artist (Green Draconian Monk)      Turns: 10050, Time: 00:27:07

Health: -7/83      AC: 11    Str: 27    XL:     10   Next: 80%
Magic:  14/24      EV: 19    Int: 25    God:    Cheibriados [*****.]
Gold:   515        SH:  9    Dex: 30    Spells: 1 memorised, 13 levels left

rFire  + + .     SeeInvis .       - Unarmed
rCold  + . .     Gourm    .     (armour unavailable)
rNeg   . . .     Faith    .     N - +3 warlock's mirror {reflect}
rPois  +         Spirit   .     k - +2 hat
rElec  +         Dismiss  .     p - +0 cloak
rCorr  .         Reflect  +     y - +0 pair of gloves
SustAt .         Harm     .     (no boots)
MR     .....     Rnd*Tele +     (no amulet)
Stlth  +++.......               c - ring of protection from cold
                                C - ring of magical power

@: very slow, not resistant to hostile enchantments, fairly stealthy
A: breathe noxious fumes, unfitting armour, stinger 1, clever 1, fire resistance
2, poison resistance, electricity resistance, teleportitis 1, cold-blooded, AC
+7
a: Breathe Noxious Fumes, Bend Time, Temporal Distortion, Slouch, Step From
Time, Renounce Religion


You were on level 1 of the Lair of Beasts.
You worshipped Cheibriados.
Cheibriados was extremely pleased with you.
You were hungry.

You visited 2 branches of the dungeon, and saw 12 of its levels.

You collected 569 gold pieces.
You spent 54 gold pieces at shops.

Inventory:

Hand Weapons
 m - a +1 spear
 r - a +0 blowgun
 E - the +2 dagger of Otzups {pierce, rF+++ rN++ Int+4 Dex-4}
   (You found it on level 6 of the Dungeon)

   It inflicts extra damage upon your enemies.
   It affects your intelligence (+4).
   It affects your dexterity (-4).
   It renders you almost immune to fire.
   It greatly protects you from negative energy.
Missiles
 d - 14 javelins (quivered)
 L - 32 poisoned needles
Armour
 k - a +2 hat (worn)
 p - a +0 cloak (worn)
 y - a +0 pair of gloves (worn)
 N - the +3 warlock's mirror (worn) {reflect}
   (You acquired it on level 10 of the Dungeon)
Jewellery
 c - a ring of protection from cold (right hand)
 l - an uncursed ring of sustain attributes
 u - an uncursed ring of ice
 x - an uncursed ring of fire
 C - a ring of magical power (left hand)
 F - an uncursed ring of stealth {unknown}
 M - an uncursed ring of flight
Wands
 i - a wand of disintegration (6/24)
 D - a wand of disintegration (16/24)
 I - a wand of flame (42/48)
 J - a wand of teleportation (4/9)
Scrolls
 g - 2 scrolls of teleportation
 j - 6 scrolls of remove curse
 n - a scroll of enchant armour
 v - a scroll of magic mapping
 B - 2 scrolls of enchant weapon
Potions
 e - 8 potions of curing
 f - 3 potions of might
 h - 3 potions of cancellation
 o - 4 potions of magic
 s - 5 potions of flight
 t - 2 potions of agility
 w - a potion of brilliance
 A - 2 potions of resistance
 K - a potion of invisibility {unknown}
Books
 z - a Young Poisoner's Handbook

   Spells                             Type                      Level
   a - Sting                          Conjuration/Poison           1
   b - Cure Poison                    Poison                       2
   c - Mephitic Cloud                 Conjuration/Poison/Air       3
   d - Olgreb's Toxic Radiance        Poison                       4
   e - Venom Bolt                     Conjuration/Poison           5
Miscellaneous
 b - a disc of storms
Comestibles
 a - 6 bread rations
 q - 5 meat rations
 G - 2 beef jerkies
 H - 7 slices of pizza


   Skills:
 - Level 5.6 Fighting
 - Level 6.7 Dodging
 - Level 1.7 Stealth
 + Level 0.2 Shields
 - Level 12.1 Unarmed Combat
 - Level 3.9 Spellcasting
 - Level 3.9 Conjurations
 - Level 0.4 Air Magic
 - Level 4.4 Poison Magic
 - Level 4.0 Invocations
 - Level 2.5 Evocations


You had 13 spell levels left.
You knew the following spells:

 Your Spells              Type           Power        Failure   Level  Hunger
a - Mephitic Cloud        Conj/Pois/Air  ###.....     17%         3    ##.....


Dungeon Overview and Level Annotations

Branches:
Dungeon (11/15)            Temple (0/1) D:7            Lair (1/8) D:9
    Orc: D:9-12

Altars:
Cheibriados
Dithmenos
Elyvilon
Kikubaaqudgha
Pakellas
Sif Muna
Trog
Vehumet
Xom
Zin

Shops:
D:4 :   D:5 }[(   D:6 [

Annotations:
D:6 exclusion: oklob plant


Innate Abilities, Weirdness & Mutations

You can breathe blasts of noxious fumes.
Your lurid green scales are hard (AC +7).
Your body does not fit into most forms of armour.
Your system is resistant to poisons.
You are cold-blooded and may be slowed by cold attacks.
Your tail ends in a poisonous barb.
Your mind is acute. (Int +2)
Your flesh is very heat resistant.
You are resistant to electric shocks.
You are occasionally teleported next to monsters.


Message History

The five-headed hydra bites you but does no damage.
The five-headed hydra bites you! x2
* * * LOW HITPOINT WARNING * * *
The five-headed hydra misses you.
Read which item? (? for menu, Esc to quit)
Okay, then.
You can feel time thicken for a moment.
You feel somewhat more hungry.
Cheibriados lowers the support of your attributes as your movement quickens.
You block the five-headed hydra's attack. x3
The five-headed hydra bites you!
* * * LOW HITPOINT WARNING * * *
The five-headed hydra closely misses you.
You can feel time thicken for a moment.
You are feeling hungry.
Cheibriados lowers the support of your attributes as your movement quickens.
The five-headed hydra bites you but does no damage. x2
The five-headed hydra barely misses you.
You block the five-headed hydra's attack.
The five-headed hydra bites you!
You die...

###### ###
#########.##P###@##.###
......<.........D.......
.##.######..............
#..............
#..............
#..............
#...###.#...... #...#
###P..... #...# #....


You could see a five-headed hydra.

Vanquished Creatures
  A wolf spider zombie (D:10)
  2 ugly things
  Pikel (D:6)
  A troll (D:9)
  Grinder (D:3)
  Sigmund (D:3)
  A shadow (D:11)
  Grum (D:9)
  A human (D:7)
  A yak (D:7)
  Duvessa (D:7)
  A water moccasin (D:8)
  4 orc warriors
  3 sky beasts
  3 slaves (D:5)
  2 black bears (D:6)
  4 ice beasts
  A necrophage (D:10)
  An ogre (D:5)
  2 wolves (D:9)
  A centaur (D:9)
  Blork the orc (D:6)
  A big kobold (D:9)
  2 giant frogs
  A wyvern zombie (D:7)
  Dowan (D:7)
  4 scorpions
  2 jellies
  6 wights
  3 howler monkeys
  4 crimson imps
  A quasit (D:9)
  4 hounds
  9 orc wizards
  A centaur skeleton (D:9)
  6 orc priests
  Jessica (D:3)
  4 iguanas
  4 worker ants
  3 sheep (D:7)
  A hound skeleton (D:6)
  A worker ant zombie (D:6)
  A howler monkey zombie (D:5)
  17 adders
  3 shadow imps
  An ooze (D:3)
  2 worms
  2 dart slugs
  3 giant geckos
  24 orcs
  6 giant cockroaches
  8 goblins
  10 hobgoblins
  12 jackals
  15 kobolds
  7 quokkas
  A ball python (D:1)
  6 bats
  6 giant newts
  5 rats
223 creatures vanquished.

Vanquished Creatures (others)
  A crocodile (D:4)
  A giant frog (D:6)
  A quasit (D:6)
3 creatures vanquished.

Grand Total: 226 creatures vanquished

Notes
Turn   | Place    | Note
--------------------------------------------------------------
     0 | D:1      | wvc the Draconian Monk began the quest for the Orb.
     0 | D:1      | Reached XP level 1. HP: 19/19 MP: 1/1
   418 | D:1      | Reached XP level 2. HP: 11/26 MP: 2/2
  1284 | D:1      | Reached skill level 5 in Unarmed Combat
  1333 | D:2      | Reached XP level 3. HP: 31/31 MP: 3/3
  1658 | D:2      | Found a radiant altar of Vehumet.
  2243 | D:2      | Found a snail-covered altar of Cheibriados.
  2251 | D:2      | Became a worshipper of Cheibriados the Contemplative
  2251 | D:2      | Reached * piety under Cheibriados
  2251 | D:2      | Reached ** piety under Cheibriados
  2308 | D:3      | Noticed Sigmund
  2456 | D:3      | Reached XP level 4. HP: 27/38 MP: 4/4
  2808 | D:3      | Killed Sigmund
  2808 | D:3      | Reached skill level 7 in Unarmed Combat
  2808 | D:3      | Reached XP level 5. HP: 39/45 MP: 5/5
  2977 | D:3      | Noticed Grinder
  2984 | D:3      | Killed Grinder
  2984 | D:3      | Reached skill level 8 in Unarmed Combat
  2984 | D:3      | Reached XP level 6. HP: 51/51 MP: 6/6
  3049 | D:3      | Reached *** piety under Cheibriados
  3052 | D:3      | Reached skill level 1 in Evocations
  3170 | D:3      | Noticed Jessica
  3175 | D:3      | Killed Jessica
  3478 | D:4      | Your scales start taking on a lurid green colour.
  3478 | D:4      | Reached XP level 7. HP: 54/57 MP: 7/7
  3478 | D:4      | Gained mutation: Your system is resistant to poisons. [Green Draconian growth]
  3560 | D:4      | Found Cachyex's Book Emporium.
  4085 | D:4      | Reached **** piety under Cheibriados
  4101 | D:4      | Found an oddly glowing altar of Pakellas.
  4101 | D:4      | Noticed an orange crystal statue
  4325 | D:5      | Entered Level 5 of the Dungeon
  4356 | D:5      | Found a bloodstained altar of Trog.
  4398 | D:5      | Reached skill level 9 in Unarmed Combat
  4645 | D:5      | Found Ugetod's Armour Shop.
  4689 | D:5      | Found Raugaeh's Weapon Shoppe.
  4779 | D:5      | Found a white marble altar of Elyvilon.
  4981 | D:5      | Found Huynelan's Gadget Shop.
  5030 | D:5      | Reached XP level 8. HP: 62/63 MP: 9/9
  5073 | D:5      | Noticed an angel
  5074 | D:5      | Found a glowing silver altar of Zin.
  5126 | D:6      | Noticed Pikel
  5227 | D:6      | Noticed Blork the orc
  5239 | D:5      | Reached skill level 10 in Unarmed Combat
  5410 | D:6      | Killed Pikel
  5410 | D:6      | Reached skill level 11 in Unarmed Combat
  5414 | D:6      | Killed Blork the orc
  5600 | D:6      | Learned a level 3 spell: Mephitic Cloud
  5627 | D:6      | Reached ***** piety under Cheibriados
  5631 | D:6      | Noticed an oklob plant
  5669 | D:6      | Reached XP level 9. HP: 57/70 MP: 10/10
  5751 | D:6      | Got a steaming dagger
  5752 | D:6      | Identified the +2 dagger of Otzups {pierce, rF+++ rN++ Int+4 Dex-4} (You found it on level 6 of the Dungeon)
  5849 | D:6      | Found Tyziogee's Armour Emporium.
  5852 | D:6      | Bought a +0 pair of gloves for 54 gold pieces
  6000 | D:6      | Reached skill level 1 in Spellcasting
  6156 | D:6      | Found a shimmering altar of Xom.
  6251 | D:7      | Reached skill level 1 in Conjurations
  6508 | D:7      | Noticed Duvessa
  6510 | D:7      | Noticed Dowan
  6513 | D:7      | Killed Duvessa
  6513 | D:7      | Reached skill level 12 in Unarmed Combat
  6513 | D:7      | Reached skill level 1 in Poison Magic
  6523 | D:7      | Killed Dowan
  6523 | D:7      | Reached skill level 1 in Invocations
  6743 | D:7      | Found a staircase to the Ecumenical Temple.
  6792 | D:7      | Found a shadowy altar of Dithmenos.
  7601 | D:8      | Found a deep blue altar of Sif Muna.
  7608 | D:8      | Reached skill level 5 in Dodging
  7611 | D:8      | Found an ancient bone altar of Kikubaaqudgha.
  7620 | D:8      | Reached XP level 10. HP: 80/80 MP: 13/13
  8103 | D:9      | Found a staircase to the Lair.
  8220 | D:9      | Gained mutation: You are occasionally teleported next to monsters. [mutagenic meat]
  8221 | D:9      | Gained mutation: Your magical capacity is low (-10% MP). [mutagenic meat]
  8222 | D:9      | Gained mutation: Your flesh is heat resistant. [mutagenic meat]
  8223 | D:9      | Gained mutation: Your mind is acute. (Int +2) [mutagenic meat]
  8224 | D:9      | Gained mutation: You are frail (-10% HP). [mutagenic meat]
  8225 | D:9      | Lost mutation: You are frail (-10% HP). [mutagenic meat]
  8243 | D:9      | Gained mutation: Your tail ends in a poisonous barb. [potion of beneficial mutation]
  8247 | D:9      | Noticed Grum
  8254 | D:9      | Killed Grum
  8418 | D:9      | Found an oddly glowing altar of Pakellas.
  8456 | D:9      | Reached ****** piety under Cheibriados
  8809 | D:9      | Reached skill level 5 in Fighting
  8870 | D:10     | Entered Level 10 of the Dungeon
  8874 | D:10     | Noticed a red ugly thing
  8894 | D:10     | Killed a red ugly thing
  9075 | D:10     | You fall through a shaft!
  9085 | D:11     | Noticed a white ugly thing
  9094 | D:11     | Killed a white ugly thing
  9098 | D:11     | Gained mutation: Your flesh is very heat resistant. [mutagenic meat]
  9100 | D:11     | Gained mutation: You are resistant to electric shocks. [mutagenic meat]
  9737 | D:10     | Identified a scroll of acquirement
  9992 | D:10     | Lost mutation: Your magical capacity is low (-10% MP). [potion of mutation]
 10030 | Lair:1   | Entered Level 1 of the Lair of Beasts
 10039 | Lair:1   | Noticed a five-headed hydra
 10050 | Lair:1   | Mangled by a five-headed hydra

Vault maps used:
D:1:      shiori_arrival_oz
D:2:      lemuel_coloured_pillars_altar, old_standard_altar, grunt_ministairs_2,
          nrook_uturn
D:3:      first_bread, kennysheep_jessica_study, uniq_grinder, uniq_sigmund
D:4:      lemuel_upstairs_altar, serial_shops, kennysheep_little_box,
          gammafunk_pakellas_statue_experiment
D:5:      kennysheep_mini_moat, lightli_temple_of_fire, zin_angel, serial_shops,
          shop, nicolae_shop_stone, kennysheep_mini
D:6:      serial_shops, nicolae_shop_behind_doors, lemuel_oklob_altar,
          uniq_blork_the_orc, uniq_pikel, uniq_edmund
D:7:      grunt_dithmenos_smoke, minmay_temple_entry_statues_pillars,
          grunt_livestock, uniq_duvessa
D:8:      grunt_temple_overflow_open
D:9:      basic_altar, uniq_grum
D:11:     orc_0_dummy
Lair:1:   minivault_24, st_stairs_7, uniq_joseph

Skill      XL: |  1  2  3  4  5  6  7  8  9 10 |
---------------+-------------------------------+-----
Unarmed Combat | 5 7 8 9 11 12 | 12.1
Evocations     | 1 2 |  2.5
Dodging        | 3 5 6 |  6.7
Spellcasting   | 2 3 |  3.9
Conjurations   | 2 3 |  3.9
Poison Magic   | 2 4 |  4.4
Invocations    | 2 4 |  4.0
Fighting       | 4 5 |  5.6
Stealth        | |  1.7
Shields        | |  0.2
Air Magic      | |  0.4

Action                   |  1- 3 |  4- 6 |  7- 9 | 10-12 || total
-------------------------+-------+-------+-------+-------++-------
Melee: Hand axe          |   139 |       |       |       ||   139
       Unarmed           |    57 |    75 |   287 |   162 ||   581
Throw: Javelin           |    15 |       |       |       ||    15
Invok: Slouch            |       |       |     2 |     3 ||     5
 Abil: Breathe Noxious F |       |       |     9 |     3 ||    12
Evoke: Wand              |       |     5 |       |     1 ||     6
  Use: Scroll            |    10 |     2 |     4 |     9 ||    25
       Potion            |       |       |       |     4 ||     4
 Stab: Sleeping          |     1 |     2 |     7 |     3 ||    13
       Distracted        |     1 |       |     4 |     1 ||     6
       Confused          |       |       |     8 |     2 ||    10
  Eat: Chunk             |     1 |       |     2 |    13 ||    16
       Meat ration       |     1 |       |     1 |       ||     2
       Pizza             |     1 |       |     1 |       ||     2
       Beef jerky        |     1 |       |       |       ||     1
